 Dungeon Crawl Stone Soup version 0.21.0-3-g78d12a8 (webtiles) character file.

49 Jatast the Digger (level 3, -4/19 HPs)
             Began as a Gargoyle Earth Elementalist on Jan 10, 2018.
             Killed by nerve-wracking pain
             ... invoked by an orc priest
              (7 damage)
             ... on level 3 of the Dungeon.
             The game lasted 00:04:32 (2526 turns).

Jatast the Digger (Gargoyle Earth Elementalist)     Turns: 2526, Time: 00:04:34

Health: -4/19      AC:  5    Str: 11    XL:     3   Next: 75%
Magic:  2/7        EV: 12    Int: 16    God:
Gold:   83         SH:  0    Dex: 10    Spells: 3/7 levels left

rFire    . . .     SeeInvis .   o - +0 flail
rCold    . . .     Gourm    .   (no shield)
rNeg     + . .     Faith    .   c - +0 robe
rPois    ∞         Spirit   .   (no helmet)
rElec    +         Reflect  .   (no cloak)
rCorr    .         Harm     .   (no gloves)
MR       .....                  (no boots)
Stlth    ++........             (no amulet)
HPRegen  0.06/turn              (no ring)
MPRegen  0.10/turn              (no ring)

@: no status effects
A: negative energy resistance 1, electricity resistance, unbreathing,
petrification resistance, rot immunity, AC +3
a: no special abilities


You were on level 3 of the Dungeon.
You were very hungry.

You visited 1 branch of the dungeon, and saw 3 of its levels.

You collected 83 gold pieces.

Inventory:

Hand Weapons
 j - a +1 dagger
 o - a +0 flail (weapon)
Missiles
 b - 192 stones (quivered)
Armour
 c - a +0 robe (worn)
 n - a +0 ring mail
Jewellery
 a - an uncursed ring of stealth {unknown}
 f - a cursed ring of loudness {unknown}
 k - a +4 amulet of reflection {unknown}
Scrolls
 h - a scroll of teleportation {unknown}
 i - a scroll of amnesia {unknown}
 m - a scroll of enchant weapon
 p - a scroll of remove curse
Potions
 g - a potion of degeneration {unknown}
 l - a potion of might {unknown}
Books
 e - a book of Geomancy

   Spells                             Type                      Level
   a - Sandblast                      Earth                        1
   b - Passwall                       Transmutation/Earth          2
   c - Stone Arrow                    Conjuration/Earth            3
   d - Petrify                        Transmutation/Earth          4
   e - Lee's Rapid Deconstruction     Earth                        5
Comestibles
 d - 5 rations


   Skills:
 - Level 1.5 Dodging
 - Level 2.1 Stealth
 + Level 2.9 Spellcasting
   Level 0.7 Transmutations
 + Level 4.7 Earth Magic


You had 3 spell levels left.
You knew the following spells:

 Your Spells              Type           Power        Failure   Level  Hunger
a - Sandblast             Erth           ###...       2%          1    #......
b - Stone Arrow           Conj/Erth      #.....       22%         3    ###....


Dungeon Overview and Level Annotations

Branches:
Dungeon (3/15)

Altars:


Innate Abilities, Weirdness & Mutations

You are resistant to torment.
Your stone body is resilient. (AC +3)
You are immune to poison.
You resist negative energy. (rN+)
You are resistant to electric shocks. (rElec)
You can survive without breathing.
You are immune to petrification.
You are immune to rotting.


Message History

Aim: an orc priest, wielding a short sword (heavily wounded)
The blast of sand hits the orc priest.
The orc priest is severely wounded.
b - 193 stones The orc priest calls down the wrath of Beogh upon you.
Pain shoots through your body!
Casting: Sandblast
Confirm with . or Enter, or press ? or * to list all spells.
Aiming: Sandblast
Press: ? - help, Shift-Dir - straight line, f/p - orc priest
Aim: an orc priest, wielding a short sword (severely wounded)
The blast of sand hits the orc priest.
The orc priest is severely wounded.
b - 192 stones The orc priest invokes the aid of Beogh against you.
Beogh smites you!
* * * LOW HITPOINT WARNING * * *
The orc priest invokes the aid of Beogh against you.
Pain shoots through your body!
You die...

### #.. #.# #.#
#.# #.#
######.#####.###
.#....@.o).......
.......#)#.###.##
#.#....#(.##
##.......# .
#.#....## ...
#.#.....###.....
# #..###.....oo.
#.. ##...o... #..
.$.#[.o


You could see an orc priest.

Vanquished Creatures
  An ooze (D:1)
  A dart slug (D:2)
  A leopard gecko (D:1)
  4 orcs
  9 goblins
  5 hobgoblins
  8 kobolds
  3 bats (D:1)
  4 rats
36 creatures vanquished.

Notes
Turn   | Place    | Note
-------+----------+-------------------------------------------
     0 | D:1      | Jatast the Gargoyle Earth Elementalist began the quest for the Orb.
     0 | D:1      | Reached XP level 1. HP: 10/10 MP: 3/3
   164 | D:1      | Reached skill level 4 in Earth Magic
   164 | D:1      | Reached XP level 2. HP: 7/15 MP: 0/5
   950 | D:1      | Reached XP level 3. HP: 19/19 MP: 6/6
  1098 | D:1      | Learned a level 3 spell: Stone Arrow
  2526 | D:3      | Killed from afar by an orc priest

Skill      XL: |  1 |
---------------+----+-----
Earth Magic    | 4 |  4.7
Dodging        | |  1.5
Stealth        | |  2.1
Spellcasting   | |  2.9
Transmutations | |  0.7

Action                   || total
-------------------------++-------
Melee: Unarmed           ||     2
       Dagger            ||   101
 Cast: Sandblast         ||    30
       Stone Arrow       ||     1
  Use: Scroll            ||     2
 Stab: Sleeping          ||     2
  Eat: Chunk             ||     4
Armor: Robe              ||    12
       Ring mail         ||    17
Dodge: Dodged            ||    56
